 Dungeon Crawl Stone Soup version 0.30-b1-2-g02819fbbbe (webtiles) character file.

Game seed: 7166684904167626656

244260 Mesmaeker13 the Imperceptible (level 20, -4/124 HPs)
             Began as a Kobold Enchanter on June 6, 2023.
             Was the Champion of Ru.
             Shot with an arrow by a deep elf master archer (33 damage)
             ... on level 3 of the Elven Halls on June 7, 2023.
             The game lasted 01:53:17 (42324 turns).

Mesmaeker13 the Imperceptible (Kobold Enchanter)   Turns: 42324, Time: 01:53:18

Health: -4/124     AC: 14    Str:  7    XL:     20   Next: 22%
Magic:  23/43      EV: 24    Int: 36    God:    Ru [******]
Gold:   140        SH:  0    Dex: 25    Spells: 7/39 levels left

rFire   + . .        E - +10 quick blade of Ygolecut {pain, rPois Int+4 Dex+3}
rCold   + . .        (shield unavailable)
rNeg    + . .        s - +6 leather armour of the Game of Kings {rCorr Dex+6}
rPois   +            k - +1 helmet {Int+3}
rElec   +            j - scarf {rC+ rF+}
rCorr   +            g - +0 pair of gloves
SInv    .            M - +0 pair of boots "Atolahuf" {+Inv Fly MP+9}
Will    +....        L - amulet of regeneration
Stlth   ++++++++++   (ring unavailable)
HPRegen 1.20/turn    x - ring of Ilebbace {rElec rPois rN+ Int+6}
MPRegen 0.28/turn

%: no passive effects
@: death channelling, flying, unable to read
A: small, no large weapons, nightstalker 3, no potion heal 1, inability to read
after injury 2, missing a hand, inability to use devices
}: 2/15 runes: decaying, serpentine
a: Renounce Religion, Draw Out Power, Power Leap, Apocalypse


You were on level 3 of the Elven Halls.
You worshipped Ru.
Ru was exalted by your worship.
You visited 7 branches of the dungeon, and saw 34 of its levels.
You also visited: Bailey, Gauntlet and Ice Cave.

You collected 2717 gold pieces.
You spent 2577 gold pieces at shops.

Inventory:

Hand Weapons
 B - a +4 scimitar of holy wrath
 E - the +10 quick blade of Ygolecut (weapon) {pain, rPois Int+4 Dex+3}
   (You acquired it in a bailey)

   Int:       It affects your intelligence (+4).
   Dex:       It affects your dexterity (+3).
   rPois:     It protects you from poison.
Missiles
 C - 2 throwing nets (quivered)
 T - 8 curare-tipped darts
Armour
 g - a +0 pair of gloves (worn)
 j - a scarf of resistance (worn)
 k - a +1 helmet of intelligence (worn)
 s - the +6 leather armour of the Game of Kings (worn) {rCorr Dex+6}
   (You found it in an ice cave)

   Dex:       It affects your dexterity (+6).
   rCorr:     It protects you from acid and corrosion.
 J - a +2 robe of willpower
 M - the +0 pair of boots "Atolahuf" (worn) {+Inv Fly MP+9}
   (You bought it in a shop on level 4 of the Dungeon)

   MP:        It affects your magic capacity (+9).
   +Inv:      It lets you turn invisible.
   Fly:       It grants you flight.
Jewellery
 n - a ring of protection from cold
 o - a ring of positive energy
 p - the amulet of Charity {Spirit +Inv rPois rF+ Str+3}
   (You took it off a deep elf demonologist on level 3 of the Elven Halls)

   [amulet of guardian spirit]

   It causes incoming damage to be divided between your reserves of health and
   magic.
   Str:       It affects your strength (+3).
   rF:        It protects you from fire.
   rPois:     It protects you from poison.
   +Inv:      It lets you turn invisible.
 t - an amulet of the acrobat
 u - an amulet of reflection
 v - a +4 ring of protection
 x - the ring of Ilebbace (right hand) {rElec rPois rN+ Int+6}
   (You bought it in a shop on level 3 of the Elven Halls)

   [ring of intelligence]

   Int:       It affects your intelligence (+6).
   rElec:     It insulates you from electricity.
   rPois:     It protects you from poison.
   rN:        It protects you from negative energy.
 K - a ring of protection from fire
 L - an amulet of regeneration (around neck)
 N - the ring "Zabb" {rPois rCorr}
   (You found it on level 3 of the Snake Pit)

   [ring of poison resistance]

   rPois:     It protects you from poison.
   rCorr:     It protects you from acid and corrosion.
 O - an amulet of magic regeneration
 P - a +6 ring of dexterity
 S - a ring of see invisible
Scrolls
 b - 2 scrolls of silence
 e - 8 scrolls of poison
 f - 6 scrolls of blinking
 h - 3 scrolls of noise
 l - 8 scrolls of fog
 w - 3 scrolls of magic mapping
 y - 7 scrolls of teleportation
 A - a scroll of enchant weapon
 G - 3 scrolls of fear
 I - a scroll of summoning
 V - 7 scrolls of identify
Potions
 a - 3 potions of resistance
 c - a potion of invisibility
 d - 3 potions of heal wounds
 i - 13 potions of ambrosia
 m - 3 potions of haste
 q - 8 potions of curing
 r - 5 potions of flight
 z - 4 potions of brilliance
 D - 3 potions of might
 F - 5 potions of berserk rage
 H - 2 potions of magic
 U - 3 potions of cancellation


   Skills:
 + Level 12.6 Fighting
 - Level 17.4(17.6) Short Blades
 + Level 2.5(7.8) Long Blades
 - Level 6.2 Armour
 - Level 10.8 Dodging
 + Level 22.6 Stealth
 + Level 10.2 Spellcasting
 + Level 14.5 Hexes
 + Level 14.8 Necromancy
 - Level 5.3 Ice Magic


You had 7 spell levels left.
You knew the following spells:

 Your Spells              Type           Power      Damage    Failure   Level
a - Enfeeble              Hex            44%        N/A       7%          7
b - Tukima's Dance        Hex            89%        N/A       1%          3
c - Confusing Touch       Hex            89%        N/A       1%          3
d - Agony                 Necr           90%        N/A       1%          5
e - Death Channel         Necr           45%        N/A       1%          6
f - Anguish               Hex/Necr       44%        N/A       1%          4
g - Cause Fear            Hex            44%        N/A       1%          4

Your spell library contained the following spells:

 Spells                   Type           Power      Damage    Failure   Level
 Necrotise                Necr           100%       1d9       0%          1
 Sublimation of Blood     Necr           90%        N/A       0%          2
 Freeze                   Ice            100%       1d10      1%          1
 Kiss of Death            Conj/Necr      100%       2d13      1%          1
 Cigotuvi's Dreadful Rot  Necr/Pois/Air  100%       N/A       1%          2
 Ensorcelled Hibernation  Hex/Ice        100%       N/A       1%          2
 Dazzling Flash           Conj/Hex       100%       N/A       1%          3
 Frozen Ramparts          Ice            100%       1d16      1%          3
 Ozocubu's Armour         Ice            54%        N/A       1%          3
 Vampiric Draining        Necr           90%        2d12      1%          3
 Animate Dead             Necr           90%        N/A       1%          4
 Leda's Liquefaction      Hex/Erth       31%        N/A       1%          4
 Beastly Appendage        Tmut           36%        N/A       3%          1
 Foxfire                  Conj/Fire      72%        2x1d7     3%          1
 Magic Dart               Conj           72%        1d6       3%          1
 Shock                    Conj/Air       72%        1d7       3%          1
 Sting                    Tmut/Pois      72%        1d6       3%          1
 Hailstorm                Conj/Ice       37%        3d9       3%          3
 Call Imp                 Summ           36%        N/A       4%          2
 Passwall                 Tmut/Erth      15%        N/A       4%          2
 Poisonous Vapours        Pois/Air       36%        N/A       4%          2
 Wereblood                Tmut           18%        N/A       4%          2
 Borgnjor's Vile Clutch   Necr/Erth      32%        N/A       4%          5
 Ignite Poison            Fire/Tmut/Pois 18%        N/A       10%         3
 Mephitic Cloud           Conj/Pois/Air  18%        N/A       10%         3
 Spider Form              Tmut/Pois      18%        N/A       10%         3
 Swiftness                Air            18%        N/A       10%         3
 Airstrike                Air            9%         2d(2-18)  32%         4
 Flame Wave               Conj/Fire      18%        2d7       32%         4
 Olgreb's Toxic Radiance  Pois           18%        N/A       32%         4
 Sticky Flame             Conj/Fire      18%        2d4       32%         4
 Freezing Cloud           Conj/Ice/Air   15%        6-21      38%         5
 Lee's Rapid Deconstruct  Erth           9%         3d7*      65%         5
 Summon Forest            Summ/Tloc      9%         N/A       65%         5
 Ozocubu's Refrigeration  Ice            27%        4d13      97%         7
 Statue Form              Tmut/Erth      12%        N/A       99%         6
 Summon Hydra             Summ           9%         N/A       100%        7
 Ignition                 Fire           9%         3d5       100%        8
 Necromutation            Tmut/Necr      32%        N/A       100%        8


Dungeon Overview and Level Annotations

Branches:
Dungeon (15/15)            Temple (1/1) D:5            Lair (5/5) D:9
  Swamp (4/4) Lair:3        Snake (4/4) Lair:3        Slime (0/5) Lair:5
    Orc (2/2) D:9             Elf (3/3) Orc:2        Vaults (0/5) D:13
 Depths (0/4) D:15         Bailey (visited)           IceCv (visited)
Gauntlet (visited)

Altars:
Ashenzari
Cheibriados
Dithmenos
Elyvilon
Fedhas
Gozag
Hepliaklqana
Kikubaaqudgha
Makhleb
Nemelex Xobeh
Okawaru
Qazlal
Ru
Sif Muna
Trog
Uskayaw
Vehumet
Wu Jian
Xom
Yredelemnul
Zin
The Shining One

Shops:
D:1 *   D:4 *?   D:9 [   D:10 *   D:14 *   Orc:2 [(:*   Elf:1 [[(   Elf:3 ==?
Snake:2 =

Annotations:
D:11 3 runed translucent doors, magipi's ghost, journeyman GrEE
Elf:2 exclusion: door
Elf:3 1 exclusion


Innate Abilities, Weirdness & Mutations

You are small and have problems with some larger weapons.
You are completely attuned to the shadows.
Potions are less effective at restoring your health.
You sometimes lose the ability to read scrolls when taking damage.
You are missing a hand.
You cannot study or use magical devices.


Message History

The deep elf sorcerer points at you and mumbles some strange words.
You resist with some effort.
Your spectral deep elf blademaster barely misses the deep elf annihilator.
Your spectral deep elf blademaster hits the deep elf annihilator!
The deep elf zephyrmancer is engulfed in poison gas.
The deep elf zephyrmancer is poisoned.
The deep elf master archer wields a +0 longbow.
The deep elf master archer shoots an arrow.
The arrow hits you!!
* * * LOW HITPOINT WARNING * * *
The deep elf annihilator is engulfed in poison gas.
The deep elf annihilator looks as sick as possible!
The deep elf annihilator completely misses your spectral deep elf blademaster.
A deep elf death mage comes into view. It is wielding a +0 long sword.
The deep elf demonologist is engulfed in poison gas.
The deep elf demonologist looks even sicker.
The deep elf sorcerer casts a spell at you.
The sphere of damnation explodes!
The damnation engulfs you!
* * * LOW HITPOINT WARNING * * *
The deep elf sorcerer is wracked by anguish!
Your spectral deep elf sorcerer hits the deep elf sorcerer.
You hear a shout! x2
You cannot read scrolls in your current state!
Your system partially rejects the healing.
You feel much better.
Your spectral deep elf blademaster hits the deep elf annihilator! x2
The deep elf annihilator dies!
A glowing mist starts to gather...
You redirect the deep elf sorcerer's attack!
The deep elf sorcerer casts a spell at the deep elf master archer.
The sphere of damnation explodes!
The damnation engulfs the deep elf master archer!!
The damnation engulfs the deep elf zephyrmancer!
The damnation engulfs the deep elf sorcerer!!!
The deep elf sorcerer dies!
The damnation engulfs the deep elf demonologist!!
A glowing mist starts to gather...
The deep elf master archer shoots an arrow.
The arrow hits you!!
You die...

...'.....'.......
####.....########
#.......#
#.####### #○#
###○# #°§.# #☼###
#@# #)# #..§|e...


..ZZeeZ.. .☼Z§§§4e. ........e You could see a deep elf master archer, a deep elf
death mage (ally target), a deep elf demonologist (distracted, very poisoned), a
deep elf zephyrmancer (distracted, poisoned), a chaos spawn (summoned), a
friendly spectral deep elf annihilator, 2 friendly spectral deep elf sorcerers
and a friendly spectral deep elf blademaster.

Vanquished Creatures
  Vashnia (Snake:3)
  Nikola (Swamp:4)
  A deep elf master archer (Elf:3)
  A deep elf blademaster (Elf:3)
  2 thorn hunters (Swamp:2)
  Kirke (D:15)
  3 nagarajas (Snake:4)
  Donald (Snake:4)
  3 deep elf sorcerers
  An orc warlord (Orc:2)
  2 deep elf elementalists (Elf:3)
  2 ghouls (Swamp:1)
  3 deep elf demonologists
  5 eleionomae
  Nessos (Lair:4)
  3 bunyips
  A minotaur (Gauntlet)
  Snorg (Orc:2)
  A deep elf death mage (Elf:3)
  A deep elf high priest (Elf:3)
  A fire dragon (Lair:5)
  2 shambling mangroves
  A salamander tyrant (Snake:4)
  4 vault guards (D:13)
  12 hydras
  6 ghost crabs
  6 anacondas
  5 alligators
  A catoblepas (D:15)
  2 centaur warriors
  8 two-headed ogres
  6 death yaks (IceCv)
  3 boulder beetles
  6 naga warriors
  21 dancing weapons
  6 shock serpents
  13 naga sharpshooters
  3 spriggans
  Nergalle (Orc:2)
  Sonja (Lair:1)
  A large abomination (Gauntlet)
  Urug (Lair:5)
  An orc high priest (Orc:2)
  19 deep elf knights
  A soul eater (Gauntlet)
  A fire crab (Lair:1)
  5 salamander mystics
  5 skeletal warriors
  2 goliath frogs
  2 spriggan druids
  A wizard (D:13)
  8 swamp dragons
  2 naga ritualists
  4 bog bodies
  7 deep elf archers
  2 sphinx zombies (D:15)
  A necromancer (D:15)
  A wolf spider (D:15)
  A phantasmal warrior (D:15)
  4 orc knights
  11 mana vipers
  21 deep elf pyromancers
  2 tengu zombies (D:15)
  20 deep elf zephyrmancers
  4 orc sorcerers
  8 ugly things
  2 will-o-the-wisps
  A moth of wrath (Gauntlet)
  3 cyclopes
  8 elephants
  15 salamanders
  Maurice (Orc:2)
  2 guardian serpents
  12 naga magi
  An ice statue (IceCv)
  23 black mambas
  A torpor snail (Lair:1)
  10 cane toads
  A gargoyle (D:11)
  2 kobold demonologists
  11 komodo dragons
  7 rime drakes
  An unseen horror (D:12)
  A bloated husk (Swamp:3)
  A queen bee (D:12)
  5 meliai
  10 trolls
  2 wind drakes (shapeshifter)
  A queen bee (shapeshifter) (Elf:3)
  12 polar bears
  8 tyrant leeches
  10 hornets
  Prince Ribbit (Lair:3)
  19 blink frogs
  2 dream sheep (Lair:2)
  3 centaur simulacra
  7 slime creatures (D:15)
  2 shadows
  An air elemental (Elf:2)
  3 water elementals
  38 yaks
  3 wraiths
  5 basilisks
  2 hogs (D:15)
  A wyvern (D:9)
  2 humans (D:13)
  2 redbacks (Gauntlet)
  7 vampire mosquitoes
  5 steam dragons
  43 nagas
  An acid dragon (shapeshifter) (Elf:3)
  10 swamp worms
  A warg (Orc:2)
  Duvessa (D:7)
  7 water moccasins
  5 swamp drakes
  2 ice beasts (D:15)
  36 orc warriors
  A sky beast (D:6)
  4 black bears
  6 ogres
  21 wolves
  4 centaurs
  2 kobold brigands
  12 bullfrogs
  A necrophage (Swamp:1)
  3 scorpions
  3 gnoll sergeants
  3 small abominations (Gauntlet)
  Dowan (D:7)
  26 killer bees
  4 howler monkeys
  10 electric eels
  Crazy Yiuf (D:6)
  4 hounds
  19 orc priests
  6 jellies
  A gnoll bouda (Lair:2)
  2 sleepcaps (D:5)
  5 iguanas
  23 orc wizards
  8 hell rats
  2 spriggan simulacra (D:11)
  9 adders
  25 gnolls
  A naga simulacrum (D:11)
  5 shadow imps
  7 white imps
  2 ufetubi
  6 worms
  A dart slug (D:2)
  67 orcs
  4 ball pythons
  15 endoplasms
  4 giant cockroaches
  17 goblins
  22 hobgoblins
  5 jackals
  17 kobolds
  5 quokkas
  2 bats
  3 frilled lizards
  3 rats
  4 briar patches (Swamp:2)
  A butterfly (Lair:1)
1035 creatures vanquished.

Vanquished Creatures (collateral kills)
  the Lernaean hydra (Swamp:4)
  2 nagarajas
  A deep elf annihilator (Elf:3)
  2 salamander tyrants
  2 hydras (Swamp:4)
  A naga warrior (Snake:2)
  A shock serpent (Snake:4)
  3 naga sharpshooters
  A naga ritualist (Snake:2)
  3 bog bodies
  A deep elf pyromancer (Elf:3)
  2 deep elf zephyrmancers
  3 naga magi
  4 hornets
  2 tyrant leeches
  2 spriggans
  3 nagas
  A swamp worm (Swamp:1)
  2 swamp drakes (Swamp:4)
  A gnoll sergeant (D:9)
  An orc priest (D:8)
  A gnoll (D:9)
  2 orcs
  A quokka (D:3)
  3 bushes (Elf:3)
46 creatures vanquished.

Vanquished Creatures (others)
  Roxanne (Swamp:4)
  A deep elf sorcerer (Elf:3)
  A dancing weapon (Elf:2)
  3 deep elf knights (Elf:3)
  A deep elf archer (Elf:3)
  A deep elf zephyrmancer (Elf:1)
  A will-o-the-wisp (Swamp:2)
  A meliai (D:14)
  A blink frog (Lair:3)
  A basilisk (Lair:5)
  A killer bee (D:8)
  An iguana (Lair:5)
  An orc wizard (Orc:2)
  2 gnolls
  A shadow imp (D:8)
  An ufetubus (D:5)
  2 orcs
  2 briar patches (Swamp:2)
  14 demonic plants (Gauntlet)
  2 foxfires (Swamp:4)
  7 fungi
  13 plants
  3 withered plants (D:15)
62 creatures vanquished.

Grand Total: 1143 creatures vanquished

Notes
Turn   | Place    | Note
-------+----------+-------------------------------------------
     0 | D:1      | Mesmaeker13 the Kobold Enchanter began the quest for the
                  | Orb.
     0 | D:1      | Reached XP level 1. HP: 10/10 MP: 3/3
   158 | D:1      | Reached XP level 2. HP: 13/15 MP: 5/5
   161 | D:1      | Learned a level 2 spell: Ensorcelled Hibernation
   452 | D:1      | Reached XP level 3. HP: 19/19 MP: 6/6
   678 | D:1      | Found Zil Xuogu's Assorted Antiques.
   745 | D:1      | Reached skill level 1 in Ice Magic
  1412 | D:2      | Reached XP level 4. HP: 20/24 MP: 7/7
  2270 | D:3      | Found a shimmering altar of Xom.
  2303 | D:3      | Reached skill level 5 in Stealth
  2357 | D:3      | Found a faded altar of an unknown god.
  2415 | D:3      | Found a white marble altar of Elyvilon.
  2630 | D:3      | Reached XP level 5. HP: 28/28 MP: 8/8
  2921 | D:4      | Learned a level 3 spell: Tukima's Dance
  3177 | D:4      | Found Couxzaho's General Store.
  3352 | D:4      | Reached XP level 6. HP: 32/32 MP: 6/9
  3610 | D:4      | Found Coacraf's Magic Scroll Boutique.
  3616 | D:4      | Bought a scroll of identify for 20 gold pieces
  3710 | D:4      | Found a shadowy altar of Dithmenos.
  3799 | D:5      | Entered Level 5 of the Dungeon
  3800 | D:5      | Noticed a black bear
  3806 | D:5      | Killed a black bear
  3807 | D:5      | Reached skill level 6 in Stealth
  3807 | D:5      | Reached XP level 7. HP: 32/36 MP: 3/10
  4047 | D:5      | Found a staircase to the Ecumenical Temple.
  4072 | Temple   | Entered the Ecumenical Temple
  4361 | Temple   | Became a worshipper of Ru the Awakened
  4406 | D:5      | Found a snail-covered altar of Cheibriados.
  4749 | D:5      | Reached skill level 5 in Short Blades
  4904 | D:5      | Reached XP level 8. HP: 41/41 MP: 4/11
  5083 | D:6      | Reached skill level 5 in Hexes
  5152 | D:6      | Reached skill level 7 in Stealth
  5956 | D:6      | Gained mutation: You are missing a hand. [Ru sacrifice]
  5956 | D:6      | Reached * piety under Ru
  5956 | D:6      | Reached ** piety under Ru
  5989 | D:6      | Reached skill level 5 in Dodging
  6323 | D:6      | Reached XP level 9. HP: 34/45 MP: 3/12
  6512 | D:6      | Found a runed translucent door.
  6515 | D:6      | Noticed Crazy Yiuf
  6520 | D:6      | Killed Crazy Yiuf
  6564 | D:7      | Reached skill level 8 in Stealth
  6962 | D:7      | Noticed a two-headed ogre
  6968 | D:7      | Killed a two-headed ogre
  6969 | D:7      | Reached skill level 5 in Ice Magic
  7144 | D:7      | Noticed Dowan
  7145 | D:7      | Noticed Duvessa
  7149 | D:7      | Killed Duvessa
  7150 | D:7      | Reached skill level 9 in Stealth
  7163 | D:7      | Killed Dowan
  8005 | D:8      | Reached XP level 10. HP: 46/50 MP: 2/13
  8108 | D:8      | Noticed a two-headed ogre
  8112 | D:8      | Killed a two-headed ogre
  8113 | D:8      | Reached skill level 10 in Stealth
  8135 | D:8      | Found a broken altar of Ashenzari.
  8184 | D:8      | Found a basalt altar of Yredelemnul.
  8224 | D:8      | Identified the +8 war axe of the Kidney {heavy, rC+++ Int+5
                  | Dex-3}
  8237 | D:8      | Found a flagged portal.
  8243 | Bailey   | Entered a bailey
  8395 | Bailey   | Learned a level 3 spell: Confusing Touch
  8603 | Bailey   | Noticed an orc sorcerer
  8684 | Bailey   | Killed an orc sorcerer
  8753 | Bailey   | Reached skill level 11 in Stealth
  8823 | Bailey   | Acquired the +10 quick blade of Ygolecut {pain, rPois Int+4
                  | Dex+3}
  8883 | Bailey   | Found an iron altar of Okawaru.
  8887 | Bailey   | Noticed an orc sorcerer
  8896 | Bailey   | Killed an orc sorcerer
  8897 | Bailey   | Reached skill level 1 in Necromancy
  8903 | Bailey   | Reached XP level 11. HP: 54/54 MP: 9/14
  8963 | Bailey   | Got the Essays on Burning and Glaciation
  9238 | D:8      | Gained mutation: You occasionally lose the ability to read
                  | scrolls when taking damage. [Ru sacrifice]
  9238 | D:8      | Gained mutation: You sometimes lose the ability to read
                  | scrolls when taking damage. [Ru sacrifice]
  9238 | D:8      | Reached *** piety under Ru
  9238 | D:8      | Reached **** piety under Ru
  9398 | D:9      | Found an opulent altar of Gozag.
  9401 | D:9      | Noticed a two-headed ogre
  9405 | D:9      | Killed a two-headed ogre
  9406 | D:9      | Reached skill level 10 in Short Blades
  9472 | D:9      | Found a staircase to the Lair.
  9570 | D:9      | Found a staircase to the Orcish Mines.
  9908 | D:9      | Reached skill level 12 in Stealth
  9944 | D:9      | Found an ancient bone altar of Kikubaaqudgha.
 10081 | D:9      | Found Cylufix's Antique Armour Boutique.
 10203 | D:4      | Bought the +0 pair of boots "Atolahuf" {+Inv Fly MP+9} for
                  | 474 gold pieces
 10428 | D:10     | Entered Level 10 of the Dungeon
 10686 | D:10     | Found a bloodstained altar of Trog.
 10801 | D:10     | Found a blossoming altar of Fedhas.
 10801 | D:10     | Found a stormy altar of Qazlal.
 10887 | D:10     | Found Piusyuff's Overcharged Wands.
 11026 | D:10     | Noticed a two-headed ogre
 11030 | D:10     | Killed a two-headed ogre
 11484 | D:11     | Gained mutation: You cannot study or use magical devices.
                  | [Ru sacrifice]
 11484 | D:11     | Reached ***** piety under Ru
 11589 | D:11     | Noticed a two-headed ogre
 11595 | D:11     | Killed a two-headed ogre
 11798 | D:11     | Reached skill level 10 in Dodging
 11801 | D:11     | Found a frozen archway.
 11812 | IceCv    | Entered an ice cave
 11818 | IceCv    | Reached XP level 12. HP: 53/59 MP: 15/15
 12038 | IceCv    | Reached skill level 13 in Stealth
 12064 | IceCv    | Reached skill level 5 in Necromancy
 12233 | IceCv    | Identified the amulet "Sesor" {RegenMP -Tele Dex+3 Slay+4}
 12651 | IceCv    | Reached skill level 1 in Armour
 12674 | IceCv    | Noticed a death yak
 12675 | IceCv    | Noticed a death yak
 12728 | IceCv    | Killed a death yak
 12749 | IceCv    | Noticed a death yak
 12752 | IceCv    | Killed a death yak
 12753 | IceCv    | Reached skill level 10 in Hexes
 12754 | IceCv    | Killed a death yak
 12780 | IceCv    | Noticed a death yak
 12781 | IceCv    | Noticed a death yak
 12781 | IceCv    | Noticed a death yak
 12781 | IceCv    | Noticed a frost giant
 12820 | IceCv    | Killed a death yak
 12821 | IceCv    | Reached skill level 14 in Stealth
 12821 | IceCv    | Reached XP level 13. HP: 63/63 MP: 16/16
 12976 | IceCv    | Identified the +6 leather armour of the Game of Kings
                  | {rCorr Dex+6}
 13062 | D:11     | Found a bloodstained altar of Trog.
 13393 | D:11     | Found a runed translucent gate.
 13393 | D:11     | Found a runed translucent gate.
 13393 | D:11     | Found a runed translucent gate.
 13553 | D:11     | Noticed magipi's ghost (journeyman GrEE)
 13626 | Lair:1   | Entered Level 1 of the Lair of Beasts
 13680 | Lair:1   | Identified the +0 ring mail of the Fresh God {Regen+ Dex+4}
 13845 | Lair:1   | Noticed an anaconda
 13879 | Lair:1   | Killed an anaconda
 13907 | Lair:1   | Learned a level 5 spell: Agony
 14030 | Lair:1   | Gained mutation: Potions are less effective at restoring
                  | your health. [Ru sacrifice]
 14030 | Lair:1   | Reached ****** piety under Ru
 14361 | Lair:1   | Reached skill level 15 in Stealth
 14413 | Lair:1   | Noticed Sonja
 14417 | Lair:1   | Killed Sonja
 15222 | Lair:2   | Reached XP level 14. HP: 58/68 MP: 17/17
 15979 | Lair:3   | Found a staircase to the Snake Pit.
 16018 | Lair:3   | Found a staircase to the Swamp.
 16290 | Lair:3   | Reached skill level 5 in Armour
 16422 | Lair:3   | Noticed Prince Ribbit
 16429 | Lair:3   | Killed Prince Ribbit
 17286 | Lair:4   | Noticed Nessos
 17294 | Lair:4   | Killed Nessos
 17295 | Lair:4   | Reached skill level 16 in Stealth
 17959 | Lair:5   | Entered Level 5 of the Lair of Beasts
 18233 | Lair:5   | Found a staircase to the Slime Pits.
 18506 | Lair:5   | Noticed Urug
 18518 | Lair:5   | Killed Urug
 19366 | Orc:1    | Entered Level 1 of the Orcish Mines
 19846 | Orc:2    | Entered Level 2 of the Orcish Mines
 19846 | Orc:2    | Noticed Maurice
 19852 | Orc:2    | Killed Maurice
 19894 | Orc:2    | Noticed Snorg
 19906 | Orc:2    | Killed Snorg
 20156 | Orc:2    | Found a staircase to the Elven Halls.
 20187 | Orc:2    | Reached skill level 15 in Short Blades
 20304 | Orc:2    | Reached XP level 15. HP: 49/72 MP: 18/18
 20550 | Orc:2    | Noticed an orc warlord
 20699 | Orc:2    | Killed an orc warlord
 20851 | Orc:2    | Found Dyqu's Book Shop.
 20871 | Orc:2    | Found Inezys's Antique Armour Shop.
 20907 | Orc:2    | Noticed Nergalle
 20922 | Orc:2    | Killed Nergalle
 21097 | Orc:2    | Found Powimidgh's General Store.
 21296 | Orc:2    | Found Neqika's Antique Weapon Shop.
 21422 | Orc:2    | Bought a glowing helmet for 232 gold pieces
 21751 | D:12     | Reached skill level 17 in Stealth
 21926 | D:12     | Reached skill level 1 in Fighting
 22552 | D:13     | Found a gate leading to a gauntlet.
 22557 | Gauntlet | Entered a Gauntlet
 22557 | Gauntlet | Found a transporter.
 22572 | Gauntlet | Found a transporter.
 22593 | Gauntlet | Found a transporter.
 22601 | Gauntlet | Found a transporter.
 22607 | Gauntlet | Found a transporter.
 22629 | Gauntlet | Found a transporter.
 22640 | Gauntlet | Found a runed translucent gate.
 22641 | Gauntlet | Found a transporter.
 22641 | Gauntlet | Found a runed translucent gate.
 22642 | Gauntlet | Found a runed translucent gate.
 22653 | Gauntlet | Found a transporter.
 22680 | Gauntlet | Found a transporter.
 22692 | Gauntlet | Found a transporter.
 22719 | Gauntlet | Found a transporter.
 22742 | Gauntlet | Found a transporter.
 22754 | Gauntlet | Found a transporter.
 22763 | Gauntlet | Found a transporter.
 22786 | Gauntlet | Found a transporter.
 22828 | Gauntlet | Found a large runed translucent door.
 22863 | Gauntlet | Found a large runed translucent door.
 22863 | Gauntlet | Found a large runed translucent door.
 22864 | Gauntlet | Found a large runed translucent door.
 22865 | Gauntlet | Found a large runed translucent door.
 22866 | Gauntlet | Found a large runed translucent door.
 22866 | Gauntlet | Found a large runed translucent door.
 22867 | Gauntlet | Found a large runed translucent door.
 22885 | Gauntlet | Found a large runed translucent door.
 22885 | Gauntlet | Found a large runed translucent door.
 22886 | Gauntlet | Found a large runed translucent door.
 22887 | Gauntlet | Found a large runed translucent door.
 22888 | Gauntlet | Found a large runed translucent door.
 22888 | Gauntlet | Found a large runed translucent door.
 22889 | Gauntlet | Found a large runed translucent door.
 22890 | Gauntlet | Found a large runed translucent door.
 23016 | Gauntlet | Found a transporter.
 23059 | Gauntlet | Found a transporter.
 23067 | Gauntlet | Found a transporter.
 23179 | Gauntlet | Acquired the Octavo of the Massed Mortuary
 23196 | Gauntlet | Found a runed translucent door.
 23196 | Gauntlet | Found a runed translucent door.
 23240 | Gauntlet | Identified the +1 helmet of Relativism {-Cast Will++ Regen+
                  | Stlth+}
 23274 | Gauntlet | Identified the ring "Cuskeank" {rElec rPois Str-4 Int+9
                  | Dex-2}
 23298 | Gauntlet | Reached skill level 10 in Necromancy
 23687 | D:13     | Found a gate to the Vaults.
 24826 | D:14     | Found Rehemiub's General Store.
 25183 | D:15     | Entered Level 15 of the Dungeon
 25289 | D:15     | Reached XP level 16. HP: 86/86 MP: 19/19
 25494 | D:15     | Identified the +5 great sword "Osales" {flame, Stlth+}
 25627 | D:15     | Noticed Kirke
 25632 | D:15     | Reached skill level 18 in Stealth
 25646 | D:15     | Killed Kirke
 25928 | D:15     | Reached skill level 5 in Fighting
 26052 | D:15     | Found a staircase to the Depths.
 26987 | Snake:1  | Entered Level 1 of the Snake Pit
 26999 | Snake:1  | Learned a level 6 spell: Death Channel
 29063 | Snake:2  | Noticed a nagaraja
 29068 | Snake:2  | Killed a nagaraja
 29648 | Snake:2  | Reached skill level 19 in Stealth
 29654 | Snake:2  | Reached XP level 17. HP: 73/96 MP: 21/21
 29916 | Snake:2  | Found Hireil's Jewellery Shop.
 31426 | Snake:3  | Identified the ring "Zabb" {rPois rCorr}
 31847 | Snake:3  | Noticed Vashnia
 31882 | Snake:3  | Killed Vashnia
 31883 | Snake:3  | Reached skill level 5 in Spellcasting
 32362 | Snake:4  | Entered Level 4 of the Snake Pit
 32642 | Snake:4  | Noticed Donald
 32652 | Snake:4  | Killed Donald
 32926 | Snake:4  | Reached skill level 20 in Stealth
 33357 | Snake:4  | Reached XP level 18. HP: 31/105 MP: 10/27
 33598 | Snake:4  | Got a serpentine rune of Zot
 33822 | Swamp:1  | Entered Level 1 of the Swamp
 34865 | Swamp:2  | Reached skill level 10 in Fighting
 35412 | Swamp:2  | Noticed a tentacled monstrosity
 35842 | Swamp:3  | Reached skill level 21 in Stealth
 36654 | Swamp:4  | Entered Level 4 of the Swamp
 36815 | Swamp:4  | Noticed Nikola
 36834 | Swamp:4  | Killed Nikola
 36881 | Swamp:4  | Noticed Roxanne
 36935 | Swamp:4  | Killed Roxanne
 37043 | Swamp:4  | Identified the amulet "Gawe" {Faith Int+5 Dex-3 Stlth+}
 37169 | Swamp:4  | Noticed the 27-headed Lernaean hydra
 37183 | Swamp:4  | Killed the 27-headed Lernaean hydra
 37184 | Swamp:4  | Reached XP level 19. HP: 105/115 MP: 25/31
 37260 | Swamp:4  | Got a decaying rune of Zot
 38147 | Elf:1    | Entered Level 1 of the Elven Halls
 38353 | Lair:1   | Learned a level 7 spell: Enfeeble
 38359 | Lair:1   | Learned a level 4 spell: Anguish
 38364 | Lair:1   | Learned a level 4 spell: Cause Fear
 38449 | Elf:1    | Identified the +3 short sword of Paukeic {drain, Int+2}
 38711 | Elf:1    | Found Betsush's Armour Emporium.
 39066 | Elf:1    | Found Ronein's Weapon Shop.
 39287 | Elf:1    | Found Jestu's Armour Shoppe.
 39933 | Elf:2    | Paralysed by an air elemental for 1 turns
 39949 | Elf:2    | Reached skill level 22 in Stealth
 40623 | Elf:2    | Found a huge runed translucent gate.
 40623 | Elf:2    | Found a huge runed translucent gate.
 40623 | Elf:2    | Found a huge runed translucent gate.
 40623 | Elf:2    | Found a huge runed translucent gate.
 40624 | Elf:2    | Found a huge runed translucent gate.
 40937 | Elf:2    | Reached skill level 1 in Long Blades
 41616 | Elf:3    | Entered Level 3 of the Elven Halls
 41710 | Elf:3    | Found Aczu's Jewellery Shop.
 41757 | Elf:3    | Reached XP level 20. HP: 64/123 MP: 28/33
 41779 | Elf:3    | Reached skill level 10 in Spellcasting
 42036 | Elf:3    | Identified the amulet of Charity {Spirit +Inv rPois rF+
                  | Str+3}
 42037 | Elf:3    | Found Goanikyl's Jewellery Shop.
 42053 | Elf:3    | Bought the ring of Ilebbace {rElec rPois rN+ Int+6} for 759
                  | gold pieces
 42233 | Elf:3    | Found Peloax's Magic Scroll Shoppe.
 42244 | Elf:3    | Bought a scroll of acquirement for 1092 gold pieces
 42245 | Elf:3    | Acquired a book of Unlife
 42302 | Elf:3    | Identified the +5 ring mail of Happy Babbling {Rampage
                  | rCorr}
 42324 | Elf:3    | Shot with an arrow by a deep elf master archer

Illustrated notes

Levels and vault maps discovered:
D:1:      eino_arrival_water_star, layout_basic, serial_shops,
          nicolae_shop_crystal
D:2:      layout_loops_corners
D:3:      layout_rooms, xom_confusion_cloud, elyvilon_altar_3,
          ebering_ecumenical_altar_mist, minmay_pentomino_pile
D:4:      layout_rooms, lemuel_round_altar, serial_shops, nicolae_square_shop,
          shop, hangedman_decor_points
D:5:      minmay_octagon_keep, layout_rooms, overflow_temple_1_default,
          minmay_temple_entry_stoned_glass
D:6:      layout_basic, kennysheep_boxes, uniq_crazy_yiuf_cottage
D:7:      layout_cave_pods, kennysheep_generic_room_12, uniq_duvessa
D:8:      layout_gridville, mainiacjoe_overflow_divided_tiny, enter_bailey_5
D:9:      layout_basic, nicolae_gozag_cash_rules_everything_around_me,
          kennysheep_little_box, david_lair_generic, orc_0_dummy, serial_shops,
          nicolae_shop_overgrown_old_shop
D:10:     layout_irregular_city, grunt_temple_overflow_forces_of_nature,
          mainiacjoe_overflow_small_starburst, minmay_misc_feat_doors,
          nicolae_shop_overcharged_wands
D:11:     layout_roguey, gammafunk_ghost_ooze, serial_co_window_serial,
          co_window_of_opportunity_a, co_window_corner_a, co_window_paths_a,
          co_window_paths_b, co_window_of_opportunity_a, co_window_corner_ca,
          co_window_cross_2, co_window_unsneaky_path_d, co_window_broadway_a,
          co_window_4corner_a, glass_columns_a, glass_columns_a,
          glass_columns_a, glass_columns_a, portal_ice_cave_entry_ice_simulacra,
          trog_hazing_becter
D:12:     layout_rooms, special_room [special_room_bee]
D:13:     layout_stronghold, grunt_vaults_entry_fortified, serial_column_ruins,
          column_ruins_hut, column_ruins_hut_ruined, column_ruins_open_large,
          column_ruins_open_tiny, column_ruins_columns_corner,
          column_ruins_open_medium, column_ruins_corridor_straight,
          gauntlet_entry_generic
D:14:     layout_roguey, serial_shops, nicolae_shop_tiny_statue_garden,
          infiniplex_staircase_pillars_2
D:15:     gammafunk_depths_entry_grave, layout_basic, serial_ice, serial_ice_l,
          serial_ice_o, serial_ice_n, serial_ice_g, minmay_misc_feat_rugged,
          uniq_kirke
Temple:   nicolae_temple_bog_church
Lair:1:   layout_cave_pods, nicolae_lair_lakeside_cave, serial_bayou_shore_a,
          lemuel_fruit_fields, uniq_sonja
Lair:2:   layout_loops_ring, chequers_serial_rivers_small_a,
          nicolae_quartered_pool_little, dreamdust_gnoll_shepherd
Lair:3:   layout_regular_city, minmay_swamp_entry_eels,
          minmay_snake_entry_guardpost_small, hibernation_bobbens,
          uniq_prince_ribbit2
Lair:4:   layout_small_grid, uniq_nessos
Lair:5:   guppyfry_lair_end_dragon, layout_regular_city,
          nicolae_slime_entry_slimehenge, serial_bayou_lagoon_b, uniq_urug
Swamp:1:  layout_basic_swamp, nicolae_swamp_ascending_descending_big
Swamp:2:  nzn_winding_woodlands_medium [nzn_winding_woodlands_5x5_three,
          nzn_winding_woodlands_5x15_parted,
          nzn_winding_woodlands_5x5_perimeter, nzn_winding_woodlands_5x5_cross,
          nzn_winding_woodlands_center_lodge,
          nzn_winding_woodlands_5x5_checkerboard,
          nzn_winding_woodlands_hourglass,
          nzn_winding_woodlands_5x15_river_crossing,
          nzn_winding_woodlands_5x5_default], layout_falls_marsh,
          hangedman_swamp_blocks, swamp_pool2, grunt_lady_of_the_lake
Swamp:3:  layout_falls_marsh, evilmike_swamp_ruin_house_1, swamp_pool2
Swamp:4:  swamp_old_school, layout_basic_swamp, uniq_nikola, uniq_roxanne
Snake:1:  layout_grid_maze
Snake:2:  layout_misc_corridors, serial_shops, nicolae_shop_window_shopping,
          nicolae_snake_round_shape_thing
Snake:3:  layout_cave_town, nicolae_snake_salamander_fort, uniq_vashnia
Snake:4:  minmay_snake_end_coiled, layout_cave_town, uniq_donald
Orc:1:    layout_caves
Orc:2:    grunt_orc_cross, layout_caves, uniq_maurice, uniq_snorg
Elf:1:    minmay_elf_arrival_summoners, layout_geoelf_diagonals, serial_shops,
          nicolae_shop_back_alley_shop, hangedman_elf_represent,
          minmay_shoptagon
Elf:2:    elven_hall_of_blades_hangedman_alternative
          [nicolae_blade_entry_antechamber], layout_onion_city,
          minmay_strange_pillars
Elf:3:    grunt_elf_hall_spiral, layout_geoelf_diagonals, serial_shops,
          nicolae_shop_real_fake_doors, shop, nicolae_shop_rolling_square,
          nicolae_shop_peninsula, nicolae_shop_trees, uniq_aizul

Skill      XL: |  1  2  3  4  5  6  7  8  9 10 11 12 13 14 15 16 17 18 19 20 |
---------------+-------------------------------------------------------------+-----
Short Blades   | 2 3 4 5 6 8 9 11 12 13 15 16 17 | 17.4
Ice Magic      | 1 2 3 4 5 |  5.3
Stealth        | 5 6 7 9 11 12 14 15 16 17 19 20 21 22 | 22.6
Hexes          | 4 5 6 8 9 10 11 12 13 14 | 14.5
Dodging        | 3 4 5 6 8 10 | 10.8
Necromancy     | 1 4 6 7 9 10 11 12 13 14 | 14.8
Armour         | 1 4 6 |  6.2
Fighting       | 4 7 9 11 12 | 12.6
Spellcasting   | 6 8 9 10 | 10.2
Long Blades    | 1 2 |  2.5

Action                     |  1- 3 |  4- 6 |  7- 9 | 10-12 | 13-15 | 16-18 | 19-21 || total
---------------------------+-------+-------+-------+-------+-------+-------+-------++-------
  Melee: Dagger            |    88 |   110 |   210 |   122 |       |       |       ||   530
         Punch             |       |     1 |       |       |       |       |       ||     1
         Quick blade       |       |       |       |   405 |   986 |  1316 |   643 ||  3350
         War axe           |       |       |       |     8 |       |       |       ||     8
  Throw: Dart              |     3 |     1 |     9 |       |       |       |       ||    13
         Throwing net      |       |       |       |       |       |     1 |       ||     1
   Cast: Ensorcelled Hiber |     7 |    29 |    55 |    56 |    59 |     7 |       ||   213
         Tukima's Dance    |       |     1 |       |     2 |     2 |     3 |       ||     8
         Confusing Touch   |       |       |       |    22 |   102 |   142 |    23 ||   289
         Death Channel     |       |       |       |       |       |    75 |    20 ||    95
         Enfeeble          |       |       |       |       |       |       |    24 ||    24
         Anguish           |       |       |       |       |       |       |     5 ||     5
         Cause Fear        |       |       |       |       |       |       |     1 ||     1
 Invoke: Sacrifice a Hand  |       |       |     1 |       |       |       |       ||     1
         Sacrifice Words   |       |       |       |     1 |       |       |       ||     1
         Sacrifice Artific |       |       |       |     1 |       |       |       ||     1
         Power Leap        |       |       |       |       |     1 |     1 |       ||     2
         Sacrifice Purity  |       |       |       |       |     1 |       |       ||     1
         Draw Out Power    |       |       |       |       |     1 |     1 |       ||     2
  Evoke: Wand              |       |     2 |    10 |     4 |       |       |       ||    16
    Use: Scroll            |       |     4 |     8 |     1 |    12 |    10 |     3 ||    38
         Potion            |       |       |       |     3 |     2 |    11 |     5 ||    21
   Stab: Sleeping          |    19 |    35 |    51 |    79 |   126 |    52 |    18 ||   380
         Invisible         |       |       |     1 |     5 |     8 |    19 |     7 ||    40
         Confused          |       |       |       |    21 |    93 |   133 |    16 ||   263
         Distracted        |       |       |       |     1 |    12 |    28 |     8 ||    49
         Paralysed         |       |       |       |     1 |     2 |     4 |     1 ||     8
 Armour: Robe              |    11 |    21 |    30 |    43 |     4 |       |       ||   109
         Skin              |       |       |     3 |       |       |       |       ||     3
         Leather armour    |       |       |       |       |    83 |   118 |    48 ||   249
  Dodge: Dodged            |    47 |    53 |    98 |   232 |   384 |   524 |   173 ||  1511
